[Event "Perth AUS Open"]
[Site "?"]
[Date "2023.01.09"]
[Round "10.4"]
[White "Fu Yihe, Rebo"]
[Black "Tin Jingyao"]
[Result "0-1"]
[ECO "C77"]
[WhiteElo "2149"]
[BlackElo "2598"]
[PlyCount "68"]
[EventDate "2023.01.??"]
[EventRounds "11"]
[EventCountry "AUS"]
[SourceVersionDate "2023.01.02"]
[TimeControl "40/90+30:0"]

1. e4 e5 2. Nf3 Nc6 3. Bb5 g6 4. c3 a6 5. Ba4 d6 6. h3 Bg7 7. d3 Nf6 8. O-O O-O 9. Re1 b5 10. Bb3 Na5 11. Bc2 c5 12. d4 Qc7 13. d5 c4 14. a4 Bd7 15. Be3 Rfb8 16. Nbd2 b4 17. Qc1 Nh5 18. Nf1 bxc3 19. bxc3 Nb3 20. Bxb3 cxb3 21. Qb2 Nf4 22. Bxf4 exf4 23. Nd4 Bxd4 24. cxd4 Qc2 25. Qa3 b2 26. Rab1 Bxa4 27. Qxd6 Qc3 28. Qc5 Qxc5 29. dxc5 Bc2 30. c6 Bxb1 31. Rxb1 a5 32. c7 a4 33. d6 a3 34. d7 Rd8 0-1